[Event "Early-Titled-Tuesday-Blitz-April-02-2024"]
[Site "Chess.com"]
[Date "2024.04.02"]
[Round "7"]
[White "XDPS"]
[Black "FREDERICKtheMATE"]
[Result "1/2-1/2"]
[WhiteElo "2911"]
[BlackElo "2699"]
[TimeControl "180+1"]
[EndTime "9:21:05 PDT"]
[Termination "Game drawn by 50-move rule"]

1. d4 c6 2. Bf4 d5 3. e3 Bf5 4. c4 e6 5. Qb3 Qb6 6. Nc3 Nd7 7.
c5 Qxb3 8. axb3 a6 9. b4 Rc8 10. Nf3 h6 11. Nd2 Ngf6 12. Nb3 Nh5 13. Na5 Nxf4 14.
exf4 Rb8 15. Kd2 Be7 16. Bd3 Bxd3 17. Kxd3 h5 18. Rhe1 g6 19. g3 Bd8 20. Nb1 Bxa5 21. bxa5 Kd8 22. Nd2 Kc7 23. Ra4 Nf6 24. h3 Nd7 25. Rb4 Rbf8 26. Nf3 Nf6 27. Re3 Rb8 28. Ne5 Rhf8 29. Ke2 Nd7 30. Nf3 Nf6 31. Reb3 Nd7 32. Ke3 Nf6 33. Ne5 Ne4 34. Rb6 Nf6 35. f3 Ng8 36. g4 Ne7 37. Kf2 h4 38. Ke3 f6 39.
Nd3 Nc8 40. Kf2 Nxb6 41. cxb6+ Kd6 42. Rc3 Rbe8 43. b4 Re7 44. Rc2 Rg8 45. Re2 g5 46. fxg5 fxg5 47. Re5 Rg6 48. f4 gxf4 49. Kf3 Rf6 50.
Rh5 c5 51. bxc5+ Kc6 52. g5 Rf5 53. Rh6 Rxg5 54. Nxf4 Rg3+ 55. Ke2 Kb5 56. Rxh4 Kxa5 57. Rh6 Kb5 58. Nxe6 a5 59. Kf2 Rg8 60. Nc7+ Kc4 61.
c6 bxc6 62. Rxc6+ Kxd4 63. Nb5+ Ke5 64. Rc5 Rb8 65. Nc3 Rd7 66. Rxa5 Rxb6 67. Ne2 Rf7+ 68. Ke3 Rb3+ 69. Kd2 Rxh3 70. Nc3 Rd7 71. Ne2 Ke4 72.
Ra4+ d4 73. Ra8 Rh2 74. Re8+ Kd5 75. Kd3 Rh3+ 76. Kd2 d3 77. Nf4+ Kd4 78. Nxh3 Rc7 79. Rd8+ Ke4 80. Nf2+ Kf3 81. Nxd3 Ke4 82. Re8+ Kd4 83. Rd8+ Ke4 84. Ne1 Rc5 85. Re8+ Re5 86. Rg8 Rd5+ 87. Ke2 Rf5 88. Re8+ Re5 89. Rh8 Ra5 90.
Nc2 Ra2 91. Rh4+ Ke5 92. Kd3 Ra6 93. Rh5+ Kf4 94. Rc5 Ra4 95. Nd4 Ra3+ 96. Kd2 Ke4 97. Nc2 Ra2 98. Rh5 Ra6 99. Rh4+ Kf3 100. Nd4+ Kg3 101. Re4 Ra3 102. Re8 Ra1 103. Rf8 Kg4 104. Kd3 Re1 105. Ne2 Ra1 106. Ke4 Ra4+ 107. Nd4 Ra5 108. Rg8+ Rg5 109. Rf8 Ra5 110. Rf1 Kg3 111. Nf5+ Kg4 112. Rg1+ Kh5 113. Kf4 Ra4+ 114. Kf3 Ra3+ 115. Ne3 Ra4 116. Rg8 Rb4 117. Kg3 Ra4 118. Rc8 Rb4 119. Kf3 Kg5 120. Rc5+ Kg6 121. Nd5 Ra4 122. Nf4+ Kf6 123. Kg4 Rb4 124. Kf3 Ra4 125. Ke3 Ra3+ 126. Nd3 Ra4 127. Rc6+ Kf5 128. Rc8 Re4+ 129. Kf3 Ra4 130. Rf8+ Kg6 131. Ne5+ 1/2-1/2

[Event "Early-Titled-Tuesday-Blitz-April-02-2024"]
[Site "Chess.com"]
[Date "2024.04.02"]
[Round "8"]
[White "Casper"]
[Black "edgarhay012"]
[Result "0-1"]
[WhiteElo "2494"]
[BlackElo "2617"]
[TimeControl "180+1"]
[EndTime "9:22:33 PDT"]
[Termination "edgarhay012 won by resignation"]

1. e4 e6 2. Bd3 c5 3. Nf3 Nc6 4. O-O g6 5. c3 Bg7 6. Bc2 Nge7 7.
d4 cxd4 8. cxd4 O-O 9. Nc3 d6 10. Qe2 Bd7 11. Bg5 Nxd4 12. Nxd4 Bxd4 13. Nb5 Be5 14.
f4 Qb6+ 15. Kh1 Bxb5 0-1

[Event "Early-Titled-Tuesday-Blitz-April-02-2024"]
[Site "Chess.com"]
[Date "2024.04.02"]
[Round "8"]
[White "Lucky_Puncher"]
[Black "margarita_2703"]
[Result "1-0"]
[WhiteElo "2487"]
[BlackElo "2321"]
[TimeControl "180+1"]
[EndTime "9:23:42 PDT"]
[Termination "Lucky_Puncher won by resignation"]

1. d4 a6 2. c4 e6 3. Nc3 d5 4.
cxd5 exd5 5. Nf3 Nf6 6. Bg5 Be7 7. e3 h6 8. Bh4 O-O 9. Bd3 Re8 10. O-O c6 11. Ne5 Nbd7 12. f4 Nxe5 13. fxe5 Nd7 14.
Qh5 Rf8 15. e6 Bxh4 16. exf7+ Kh8 17. Qg6 1-0

[Event "Early-Titled-Tuesday-Blitz-April-02-2024"]
[Site "Chess.com"]
[Date "2024.04.02"]
[Round "8"]
[White "Aradhya2000"]
[Black "JiaHaoxiang"]
[Result "1-0"]
[WhiteElo "2758"]
[BlackElo "2598"]
[TimeControl "180+1"]
[EndTime "9:23:56 PDT"]
[Termination "Aradhya2000 won by resignation"]

1. d4 d5 2. c4 c6 3. Nf3 Nf6 4.
Nc3 dxc4 5. a4 Bf5 6. e3 e6 7. Bxc4 Bb4 8. O-O O-O 9. Nh4 Bg6 10. Nxg6 hxg6 11. Bd2 Nbd7 12. Bb3 e5 13. Qc2 exd4 14.
exd4 a5 15. Qxg6 Nc5 16. Bh6 Ne8 17. dxc5 Kh8 18. Bxg7+ Nxg7 19. Qh6+ Kg8 20. Ne4 1-0

[Event "Early-Titled-Tuesday-Blitz-April-02-2024"]
[Site "Chess.com"]
[Date "2024.04.02"]
[Round "8"]
[White "fmcabralis"]
[Black "KononenkoD"]
[Result "0-1"]
[WhiteElo "2410"]
[BlackElo "2629"]
[TimeControl "180+1"]
[EndTime "9:24:11 PDT"]
[Termination "KononenkoD won by resignation"]

1. e4 d5 2. exd5 Qxd5 3. Nc3 Qa5 4. d4 Nf6 5. Nf3 Bg4 6. h3 Bh5 7. g4 Bg6 8. Bg2 c6 9. O-O Nbd7 10. Ne5 Nxe5 11.
dxe5 Qxe5 12. Re1 Qc7 13. g5 Nd7 14. f4 e6 15. h4 Bc5+ 16. Kh1 O-O-O 17. Qe2 h6 18.
Na4 hxg5 19. Nxc5 Rxh4+ 20. Kg1 Nxc5 0-1

[Event "Early-Titled-Tuesday-Blitz-April-02-2024"]
[Site "Chess.com"]
[Date "2024.04.02"]
[Round "8"]
[White "the_chess_child"]
[Black "TitarovVasiliYouTube"]
[Result "1-0"]
[WhiteElo "2832"]
[BlackElo "2640"]
[TimeControl "180+1"]
[EndTime "9:24:25 PDT"]
[Termination "the_chess_child won by resignation"]

1. e4 c5 2. Nf3 Nf6 3. d3 d5 4.
exd5 Nxd5 5. g3 Nc6 6. Bg2 e5 7. O-O Be7 8. Re1 f6 9. c3 O-O 10. d4 exd4 11. cxd4 Kh8 12. Nh4 f5 13. dxc5 Bxh4 14.
Qxd5 Be7 15. Qxd8 Rxd8 16. Bxc6 bxc6 17. Rxe7 Rd1+ 18. Kg2 Ba6 19. Nc3 Bf1+ 20. Kg1 Rd7 21. Rxd7 1-0

[Event "Early-Titled-Tuesday-Blitz-April-02-2024"]
[Site "Chess.com"]
[Date "2024.04.02"]
[Round "8"]
[White "mertfelin"]
[Black "tusplingher"]
[Result "0-1"]
[WhiteElo "2277"]
[BlackElo "2495"]
[TimeControl "180+1"]
[EndTime "9:24:40 PDT"]
[Termination "tusplingher won by resignation"]

1. e4 c5 2. Nf3 d6 3. d4 Nf6 4. Nc3 cxd4 5. Nxd4 a6 6. h3 e6 7. g4 d5 8. exd5 Nxd5 9. Nde2 Bb4 10. Bg2 O-O 11.
O-O Nxc3 12. Nxc3 Qc7 13. Qd4 Nc6 14. Qc4 Bd6 15. Ne4 Be7 16. Be3 e5 17. Nc5 Bxc5 18. Bxc5 Be6 19. Qe2 Rfd8 20. c3 Bd5 21. Bxd5 Rxd5 22.
Be3 Rad8 23. Rfe1 Qd7 24. Qc4 b5 25. Qe4 Re8 26. Rac1 Na5 27. b3 Nc6 28. Kg2 Ne7 29. Qf3 Ng6 30. Kg1 e4 31. Qg3 Ne5 32. Red1 Rxd1+ 33. Rxd1 Qxd1+ 0-1

[Event "Early-Titled-Tuesday-Blitz-April-02-2024"]
[Site "Chess.com"]
[Date "2024.04.02"]
[Round "8"]
[White "Korchmar_Vasiliy"]
[Black "Vse_po_kaify"]
[Result "1/2-1/2"]
[WhiteElo "2729"]
[BlackElo "2516"]
[TimeControl "180+1"]
[EndTime "9:24:43 PDT"]
[Termination "Game drawn by repetition"]

1. e4 e5 2. Nf3 Nf6 3. Nxe5 d6 4. Nf3 Nxe4 5. Nc3 Nxc3 6. dxc3 Be7 7. Bf4 Be6 8. Qd2 Nd7 9. O-O-O Nc5 10. Kb1 Qd7 11.
Nd4 O-O-O 12. f3 Qa4 13. b3 Qa3 14. Qf2 Na4 15. bxa4 Bxa2+ 16. Ka1 Bb3+ 17. Kb1 Ba2+ 18.
Ka1 Bb3+ 19. Kb1 Ba2+ 1/2-1/2

[Event "Early-Titled-Tuesday-Blitz-April-02-2024"]
[Site "Chess.com"]
[Date "2024.04.02"]
[Round "8"]
[White "Firegrizzly"]
[Black "temus_galaktionov"]
[Result "0-1"]
[WhiteElo "2665"]
[BlackElo "2851"]
[TimeControl "180+1"]
[EndTime "9:24:48 PDT"]
[Termination "temus_galaktionov won by resignation"]

1. d4 c6 2. Bf4 d6 3. Nd2 g6 4. e4 Bg7 5. Ngf3 Nd7 6. c3 e5 7. Bg5 Ngf6 8. dxe5 dxe5 9. Nc4 O-O 10. Ncxe5 Qe7 11.
Nxd7 Qxe4+ 12. Qe2 Bxd7 13. Bxf6 Qxe2+ 14. Bxe2 Bxf6 15. Rd1 Be6 16. a3 Bb3 17. Rd3 Rad8 18. Kd2 Bc4 19. Rxd8 Rxd8+ 20. Ke1 Re8 21. Ng1 Bg5 22. Kd1 Bb3+ 23.
Ke1 Bc1 24. h4 Bxb2 25. Rh3 Bxa3 26. h5 a5 27. Rd3 Be6 28. Kd2 a4 29. Nf3 Bc5 30.
Ng5 Bc4 31. hxg6 hxg6 32. f3 Bxd3 33. Bxd3 Be3+ 34. Kc2 Bxg5 35. Bxg6 fxg6 0-1

[Event "Early-Titled-Tuesday-Blitz-April-02-2024"]
[Site "Chess.com"]
[Date "2024.04.02"]
[Round "8"]
[White "GnowReopard"]
[Black "whiteglovethief"]
[Result "1-0"]
[WhiteElo "2754"]
[BlackElo "2558"]
[TimeControl "180+1"]
[EndTime "9:24:48 PDT"]
[Termination "GnowReopard won by resignation"]

1. c4 Nf6 2. Nc3 e6 3. e4 d5 4.
e5 d4 5. exf6 dxc3 6. bxc3 gxf6 7.
d4 c5 8. Nf3 cxd4 9. cxd4 Nc6 10. Be2 Bb4+ 11. Bd2 Qa5 12. Bxb4 Qxb4+ 13. Qd2 Rg8 14.
Qxb4 Nxb4 15. O-O b6 16. Rab1 Nxa2 17. Rb3 b5 18. Ra1 bxc4 19. Bxc4 Bd7 20. Rxa2 a5 21. Bb5 1-0

[Event "Early-Titled-Tuesday-Blitz-April-02-2024"]
[Site "Chess.com"]
[Date "2024.04.02"]
[Round "8"]
[White "bascheyaro"]
[Black "profedechess93"]
[Result "1-0"]
[WhiteElo "2813"]
[BlackElo "2657"]
[TimeControl "180+1"]
[EndTime "9:25:14 PDT"]
[Termination "bascheyaro won by resignation"]

1. d4 d5 2. Nf3 Nf6 3. c4 c6 4.
Nc3 dxc4 5. Bg5 Qa5 6. Bxf6 exf6 7. e3 Bb4 8. Qc2 b5 9. Be2 O-O 10. O-O Bxc3 11. bxc3 Qc7 12. a4 a6 13. Nd2 Nd7 14.
Rfb1 Bb7 15. Bf3 Rab8 16. Qf5 g6 17. Qh3 f5 18. e4 Qf4 19. exf5 Qxd2 20. fxg6 Nf6 21.
gxf7+ Rxf7 22. Qg3+ 1-0

[Event "Early-Titled-Tuesday-Blitz-April-02-2024"]
[Site "Chess.com"]
[Date "2024.04.02"]
[Round "8"]
[White "Kratos031"]
[Black "GolfBeforeChess"]
[Result "0-1"]
[WhiteElo "2463"]
[BlackElo "2338"]
[TimeControl "180+1"]
[EndTime "9:25:14 PDT"]
[Termination "GolfBeforeChess won by checkmate"]

1. d4 Nf6 2. c4 e6 3. Nc3 c5 4. d5 exd5 5. cxd5 d6 6. Nf3 g6 7. e4 a6 8. a4 Bg4 9. Be2 Bxf3 10. Bxf3 Bg7 11. O-O Nbd7 12. Bf4 Qe7 13. Re1 O-O 14.
h3 Ne8 15. Qd2 Nc7 16. a5 Rab8 17. Ra2 b5 18. axb6 Rxb6 19. Rea1 Rfb8 20. Be2 Ne5 21.
Bxa6 Nxa6 22. Rxa6 Rxb2 23. Qxb2 Rxb2 24. Ra8+ Bf8 25.
Bh6 Nd7 26. R1a7 Qf6 27. Rxd7 Qxf2+ 28. Kh1 Qxg2# 0-1

[Event "Early-Titled-Tuesday-Blitz-April-02-2024"]
[Site "Chess.com"]
[Date "2024.04.02"]
[Round "8"]
[White "BVB009"]
[Black "FREDERICKtheMATE"]
[Result "1-0"]
[WhiteElo "2849"]
[BlackElo "2694"]
[TimeControl "180+1"]
[EndTime "9:25:16 PDT"]
[Termination "BVB009 won by checkmate"]

1. d4 c6 2. e4 d5 3. e5 Bf5 4. Nf3 e6 5. Be2 Be7 6. c4 dxc4 7. Bxc4 Nd7 8. Nc3 Nb6 9. Bd3 Bxd3 10. Qxd3 Nd5 11.
O-O h5 12. Ne4 Nh6 13. Bg5 Bxg5 14. Nfxg5 Nf5 15. h4 Nf4 16. Qf3 Ng6 17. g3 Qxd4 18. Rad1 Qxe5 19. Rfe1 Rd8 20. Rxd8+ Ke7 21. Rxh8 Nxh8 22.
Qa3+ Kd8 23. Qf8+ Kc7 24. Qxh8 f6 25. Nf7 Qxb2 26. Qd8# 1-0

[Event "Early-Titled-Tuesday-Blitz-April-02-2024"]
[Site "Chess.com"]
[Date "2024.04.02"]
[Round "8"]
[White "PolandHussars"]
[Black "Road2GM3000"]
[Result "1-0"]
[WhiteElo "2585"]
[BlackElo "2448"]
[TimeControl "180+1"]
[EndTime "9:25:20 PDT"]
[Termination "PolandHussars won by resignation"]

1. e4 c5 2. Ne2 d6 3. g3 Nf6 4. Bg2 Nc6 5. c3 h5 6. h3 h4 7. g4 e5 8. d4 exd4 9. cxd4 cxd4 10. Nxd4 Qb6 11. Nb3 Be6 12. Be3 Qb4+ 13. N1d2 Ne5 14. O-O Nexg4 15. hxg4 Bxg4 16. Bf3 Be6 17. a3 Qb5 18. Nd4 Qe5 19. Nxe6 fxe6 20. Nc4 Qb5 21. Nxd6+ Bxd6 22. Qxd6 h3 23. Qxe6+ Kf8 24. Rac1 h2+ 25.
Kh1 Rd8 26. Bc5+ 1-0

[Event "Early-Titled-Tuesday-Blitz-April-02-2024"]
[Site "Chess.com"]
[Date "2024.04.02"]
[Round "8"]
[White "joksijoksi"]
[Black "NigiriSushies"]
[Result "1-0"]
[WhiteElo "2538"]
[BlackElo "2318"]
[TimeControl "180+1"]
[EndTime "9:25:23 PDT"]
[Termination "joksijoksi won by checkmate"]

1. e4 c5 2. Nf3 d6 3. d4 cxd4 4.
Nxd4 Nf6 5. Nc3 a6 6. Be3 e5 7. Nb3 Be6 8. Be2 Be7 9. O-O O-O 10. f4 exf4 11. Bxf4 d5 12. exd5 Nxd5 13. Nxd5 Bxd5 14. Bf3 Bxf3 15. Qxf3 Nc6 16. Rad1 Qb6+ 17. Kh1 Rad8 18. Rxd8 Rxd8 19. Be3 Qb5 20. Qxf7+ Kh8 21. Nd4 Nxd4 22.
Bxd4 Bf6 23. c4 Qc6 24. Bxf6 gxf6 25. h3 Rd2 26. Qf8# 1-0

[Event "Early-Titled-Tuesday-Blitz-April-02-2024"]
[Site "Chess.com"]
[Date "2024.04.02"]
[Round "8"]
[White "blitzking1729"]
[Black "Jospem"]
[Result "0-1"]
[WhiteElo "2771"]
[BlackElo "3047"]
[TimeControl "180+1"]
[EndTime "9:25:24 PDT"]
[Termination "Jospem won by resignation"]

1. c4 c5 2. Nc3 Nc6 3. g3 g6 4. Bg2 Bg7 5. e3 d6 6. Nge2 e6 7. O-O Nge7 8. d4 O-O 9. d5 exd5 10. cxd5 Na5 11. Rb1 Bf5 12. e4 Bg4 13. h3 Bxe2 14.
Qxe2 a6 15. a4 Nc8 16. f4 Nb3 17. Be3 Re8 18. Qf2 Nb6 19. Kh2 Nc4 20. Rbd1 b5 21. axb5 axb5 22. e5 Rb8 23. e6 f5 24. Rfe1 b4 25.
Na4 Qa5 26. Bf1 Nxe3 27. Qxe3 Qxa4 28. g4 Nd4 29. gxf5 Qc2+ 30. Rd2 Qxd2+ 0-1

[Event "Early-Titled-Tuesday-Blitz-April-02-2024"]
[Site "Chess.com"]
[Date "2024.04.02"]
[Round "8"]
[White "stolencandy13"]
[Black "RobertoJBM"]
[Result "1/2-1/2"]
[WhiteElo "2675"]
[BlackElo "2805"]
[TimeControl "180+1"]
[EndTime "9:25:32 PDT"]
[Termination "Game drawn by repetition"]

1. d4 d5 2. Bf4 e6 3. e3 Bd6 4.
Bg3 Qe7 5. f4 Nf6 6. Nd2 O-O 7.
Bd3 c5 8. c3 b6 9. Qe2 a5 10.
Ngf3 Ba6 11. Bh4 Bxd3 12. Qxd3 Qd8 13. O-O Be7 14. Ne5 Nfd7 15. Bxe7 Qxe7 16. a4 Qd6 17. Rf3 Nc6 18. Rh3 f5 19. Nxd7 Qxd7 20. Nf3 c4 21. Qe2 Nd8 22. Ng5 h6 23. Nf3 Nf7 24. Rg3 Kh7 25. Nh4 Nh8 26. Nf3 Nf7 27. Nh4 Nh8 28.
Nf3 Nf7 1/2-1/2

[Event "Early-Titled-Tuesday-Blitz-April-02-2024"]
[Site "Chess.com"]
[Date "2024.04.02"]
[Round "8"]
[White "Ordekalog"]
[Black "MNyuyu"]
[Result "1-0"]
[WhiteElo "2610"]
[BlackElo "2389"]
[TimeControl "180+1"]
[EndTime "9:25:44 PDT"]
[Termination "Ordekalog won by checkmate"]

1. d4 d5 2. c4 e6 3. Nc3 Nf6 4. Bg5 Be7 5. cxd5 exd5 6. e3 O-O 7. Bd3 c6 8. Nge2 Nbd7 9. Qc2 Re8 10. O-O Nf8 11.
Rae1 Ne4 12. Bxe7 Qxe7 13. Bxe4 dxe4 14. Ng3 f5 15. f3 exf3 16. Rxf3 g6 17. e4 Qd6 18.
Qd2 Rd8 19. exf5 Qxd4+ 20. Qxd4 Rxd4 21. fxg6 Bg4 22. Rf7 Nxg6 23. Rxb7 Rd2 24. Nce4 Rd1 25. Nf6+ Kf8 26. Nxh7+ Kg8 27. Nf6+ Kf8 28. Rxd1 Bxd1 29.
Nf5 Bc2 30. Nd4 Bb1 31. Ne6# 1-0

[Event "Early-Titled-Tuesday-Blitz-April-02-2024"]
[Site "Chess.com"]
[Date "2024.04.02"]
[Round "8"]
[White "Smiechu"]
[Black "maximnovik"]
[Result "1-0"]
[WhiteElo "2469"]
[BlackElo "2583"]
[TimeControl "180+1"]
[EndTime "9:25:46 PDT"]
[Termination "Smiechu won by checkmate"]

1. e4 c6 2. d4 d5 3. f3 e6 4. e5 c5 5. c3 Nc6 6. f4 Qb6 7. Nf3 Nh6 8. Bd3 Bd7 9. Bc2 Rc8 10.
O-O cxd4 11. Kh1 dxc3 12. Nxc3 Be7 13. f5 Nxf5 14. Bxf5 exf5 15. Nxd5 Qd8 16. Nxe7 Nxe7 17. Bg5 Be6 18. Qa4+ Qd7 19. Qa3 h6 20. Rfd1 Nd5 21.
Rxd5 Bxd5 22. e6 fxe6 23. Ne5 Qb5 24. Qe7# 1-0

[Event "Early-Titled-Tuesday-Blitz-April-02-2024"]
[Site "Chess.com"]
[Date "2024.04.02"]
[Round "8"]
[White "chessdjw"]
[Black "Nf3c5"]
[Result "1-0"]
[WhiteElo "2803"]
[BlackElo "2611"]
[TimeControl "180+1"]
[EndTime "9:25:47 PDT"]
[Termination "chessdjw won by resignation"]

1. d4 Nf6 2. c4 e6 3. Nc3 Bb4 4. Nf3 b6 5. e3 Bb7 6. Bd3 Ne4 7.
O-O Bxc3 8. bxc3 O-O 9. Ne1 f5 10. f3 Nd6 11. c5 Nf7 12. Rb1 Nc6 13. e4 fxe4 14. fxe4 d6 15. cxd6 cxd6 16. Qh5 e5 17. Bc4 Qe7 18. Bg5 Qc7 19. Nd3 g6 20. Qh6 Na5 21. Bf6 1-0

[Event "Early-Titled-Tuesday-Blitz-April-02-2024"]
[Site "Chess.com"]
[Date "2024.04.02"]
[Round "8"]
[White "RuperezA"]
[Black "azikom"]
[Result "1-0"]
[WhiteElo "2546"]
[BlackElo "2633"]
[TimeControl "180+1"]
[EndTime "9:25:56 PDT"]
[Termination "RuperezA won by checkmate"]

1. e4 c6 2. Nc3 d5 3. Nf3 a6 4. d4 Bg4 5. h3 Bh5 6. g4 Bg6 7. exd5 cxd5 8. h4 Nc6 9. h5 Be4 10. Be3 e6 11. Nxe4 dxe4 12. Ng5 Nf6 13. Bg2 Qd5 14.
O-O h6 15. Nxe4 Nxe4 16. c4 Qxc4 17. Bxe4 Be7 18. Rc1 Qb5 19. a4 Qxb2 20. Rxc6 O-O 21. Rc7 Bf6 22. Rxb7 Qa2 23. Bb1 Qa3 24. Qd3 Qxa4 25.
Qh7# 1-0

[Event "Early-Titled-Tuesday-Blitz-April-02-2024"]
[Site "Chess.com"]
[Date "2024.04.02"]
[Round "8"]
[White "FlemingA"]
[Black "Rodalquilar"]
[Result "0-1"]
[WhiteElo "2466"]
[BlackElo "2733"]
[TimeControl "180+1"]
[EndTime "9:25:58 PDT"]
[Termination "Rodalquilar won by resignation"]

1. Nc3 d5 2. Nf3 Nf6 3. d3 h6 4.
g3 Bf5 5. Bg2 e6 6. O-O Be7 7.
Re1 O-O 8. Ne5 Bh7 9. e4 c6 10. Qe2 a5 11. a4 Na6 12. h4 Nb4 13.
Na2 Qc7 14. Nxb4 axb4 15. f4 Bd6 16. Ng4 Nxg4 17. Qxg4 dxe4 18. dxe4 f5 19. Qe2 e5 20. fxe5 Bxe5 21. exf5 Bxg3 22. Qe7 Bxf5 23. Qxc7 Bxc7 24.
Re7 Bb6+ 25. Kh1 Rae8 26. Rxe8 Rxe8 27. Bd2 Bc5 28. c3 b3 29. Re1 Rxe1+ 30. Bxe1 Ba3 31.
a5 Bxb2 32. a6 bxa6 33. Bxc6 Bc2 34. Kg2 Ba3 35. Kf3 b2 0-1

[Event "Early-Titled-Tuesday-Blitz-April-02-2024"]
[Site "Chess.com"]
[Date "2024.04.02"]
[Round "8"]
[White "atalz0"]
[Black "Likvidator228"]
[Result "1-0"]
[WhiteElo "2404"]
[BlackElo "2554"]
[TimeControl "180+1"]
[EndTime "9:25:59 PDT"]
[Termination "atalz0 won by resignation"]

1. d4 f5 2. g3 Nf6 3. Bg2 g6 4. Nh3 Bg7 5. c4 O-O 6. Nc3 d6 7. d5 c6 8. O-O e5 9. dxe6 Bxe6 10. Qb3 b5 11. Nxb5 cxb5 12. Bxa8 bxc4 13. Qe3 Bd5 14.
Bxd5+ Nxd5 15. Qe6+ Rf7 16. Qxd5 h6 17. Rd1 Bf8 18.
Nf4 Qf6 19. Qxc4 Kh7 20. Qe6 Qg7 21. Be3 Nc6 22. Rac1 Ne5 23. Bd4 Re7 24. Qd5 g5 25. Ne6 Qf7 26. Nxf8+ Qxf8 27. Qxd6 Ng4 28. Rc7 1-0

[Event "Early-Titled-Tuesday-Blitz-April-02-2024"]
[Site "Chess.com"]
[Date "2024.04.02"]
[Round "8"]
[White "Yushko_Olga"]
[Black "dosto07"]
[Result "1-0"]
[WhiteElo "2268"]
[BlackElo "2439"]
[TimeControl "180+1"]
[EndTime "9:25:59 PDT"]
[Termination "Yushko_Olga won by resignation"]

1. d4 d5 2. c4 dxc4 3. e3 Nf6 4. Bxc4 e6 5. Nf3 c5 6. O-O a6 7. Be2 Nc6 8. Nc3 cxd4 9. exd4 Be7 10. Bg5 O-O 11.
Rc1 Bd7 12. Ne5 Nb4 13. Bf3 Nbd5 14. Nxd5 Nxd5 15. Bxd5 Bxg5 16. Bxb7 Rb8 17. Nxd7 Rxb7 18. Nxf8 Bxc1 19. Nxe6 fxe6 20. Qxc1 Qd5 21. b3 Rd7 22. Qc8+ Kf7 23. Qxa6 Qxd4 24. h3 e5 25. Re1 e4 26.
Qc6 Re7 27. Re3 Qa1+ 28. Kh2 Qxa2 29. Qd5+ Kf8 30. Qd8+ Kf7 31. Qd5+ Kf8 32. Qf5+ Kg8 33. Rc3 Qa8 34. Rc8+ Re8 35. Rxa8 Rxa8 36. Qxe4 1-0

[Event "Early-Titled-Tuesday-Blitz-April-02-2024"]
[Site "Chess.com"]
[Date "2024.04.02"]
[Round "8"]
[White "Alen_Yeremyann"]
[Black "yaguigor"]
[Result "1-0"]
[WhiteElo "2828"]
[BlackElo "2640"]
[TimeControl "180+1"]
[EndTime "9:26:05 PDT"]
[Termination "Alen_Yeremyann won by resignation"]

1. e4 c5 2. Nc3 Nc6 3. Bb5 Nd4 4. Bc4 e6 5. Nge2 Nf6 6. O-O a6 7. a4 Qc7 8. d3 Ng4 9. f4 Nf6 10. e5 d5 11. Ba2 Nxe2+ 12. Nxe2 Nd7 13. c3 b5 14. d4 g6 15. Be3 b4 16. cxb4 cxb4 17. Rc1 Qb6 18. f5 Nxe5 19. fxe6 Bxe6 20. a5 Qa7 21. Nf4 Ng4 22. Nxe6 Nxe3 23. Qa4+ Ke7 24.
Rc7+ 1-0

[Event "Early-Titled-Tuesday-Blitz-April-02-2024"]
[Site "Chess.com"]
[Date "2024.04.02"]
[Round "8"]
[White "RealPerangel"]
[Black "Zavgorodniy_Sergiy"]
[Result "1/2-1/2"]
[WhiteElo "2539"]
[BlackElo "2648"]
[TimeControl "180+1"]
[EndTime "9:26:06 PDT"]
[Termination "Game drawn by repetition"]

1. e4 c6 2. Nc3 d5 3. Nf3 Bg4 4.
Be2 dxe4 5. Nxe4 Nd7 6. Nfg5 Bxe2 7. Qxe2 e6 8. d4 Be7 9. O-O h6 10. Nf3 Ngf6 11. c4 Nxe4 12. Qxe4 Nf6 13. Qe2 O-O 14. b3 a5 15. a4 Qb6 16. Qc2 Rfd8 17. Bb2 c5 18. Rad1 cxd4 19. Nxd4 Rd7 20. Nb5 Rad8 21. Rxd7 Rxd7 22. Rd1 Qd8 23. Rxd7 Qxd7 24. Kf1 b6 25. Bd4 Bc5 26. Bxf6 gxf6 27. Ke2 Qc6 28. f3 f5 29. Qd2 Kg7 30. Qc3+ Kg8 31. Qd2 Kg7 32. Qc3+ Kg8 33. Qf6 Bf8 34. Qd4 Bc5 35. Qf6 Bf8 36. Qd4 Bc5 37. Qf6 1/2-1/2

[Event "Early-Titled-Tuesday-Blitz-April-02-2024"]
[Site "Chess.com"]
[Date "2024.04.02"]
[Round "8"]
[White "BashiqChess"]
[Black "FGHSMN"]
[Result "0-1"]
[WhiteElo "2499"]
[BlackElo "2901"]
[TimeControl "180+1"]
[EndTime "9:26:11 PDT"]
[Termination "FGHSMN won by resignation"]

1. Nf3 b6 2. b3 Bb7 3. Bb2 Nf6 4. g3 g6 5. Bg2 Bg7 6. O-O O-O 7. c4 c5 8. d4 cxd4 9. Nxd4 Bxg2 10. Kxg2 Qc8 11. Nd2 Qb7+ 12. N2f3 d6 13. a4 Nbd7 14. b4 Rac8 15.
Qb3 Ne4 16. Rfd1 Ne5 17. Rac1 Ng4 18. h3 Ngxf2 19. Rf1 Nd2 20. Qe3 Nxf1 21. Qxf2 Nd2 22. Qe3 Nxc4 23. Qb3 Nxb2 24. Qxb2 0-1

[Event "Early-Titled-Tuesday-Blitz-April-02-2024"]
[Site "Chess.com"]
[Date "2024.04.02"]
[Round "8"]
[White "ilqar_74"]
[Black "Zq1"]
[Result "1-0"]
[WhiteElo "2809"]
[BlackElo "2616"]
[TimeControl "180+1"]
[EndTime "9:26:14 PDT"]
[Termination "ilqar_74 won by resignation"]

1. e4 c5 2. Nf3 d6 3. d4 cxd4 4. Nxd4 Nf6 5. Nc3 Nc6 6. Be2 g6 7. Be3 Bg7 8. Qd2 a6 9. O-O-O O-O 10. h4 h5 11. f3 Nxd4 12. Bxd4 Be6 13. g4 hxg4 14.
h5 gxh5 15. Qg5 Rc8 16. fxg4 Bxg4 17. Bxg4 hxg4 18. Bxf6 exf6 19. Qxg4 Rxc3 20. Rdg1 Rxc2+ 21. Kxc2 Qc8+ 22. Kd3 Qxg4 23. Rxg4 1-0

[Event "Early-Titled-Tuesday-Blitz-April-02-2024"]
[Site "Chess.com"]
[Date "2024.04.02"]
[Round "8"]
[White "Manukyan_Artak"]
[Black "nekotyanof"]
[Result "1-0"]
[WhiteElo "2567"]
[BlackElo "2661"]
[TimeControl "180+1"]
[EndTime "9:26:14 PDT"]
[Termination "Manukyan_Artak won by resignation"]

1. e4 Nf6 2. Nc3 d5 3. exd5 Nxd5 4. Bc4 Nb6 5. Bb3 e6 6. d4 Be7 7. Nf3 O-O 8. h4 Nc6 9. Bg5 h6 10. Bxe7 Qxe7 11. Qe2 a5 12. a3 a4 13. Ba2 Qf6 14. O-O-O Ra5 15. Ne4 Qf4+ 16. Kb1 Rd8 17. g3 Qf5 18. g4 Qf4 19. g5 Rf5 20.
Nfd2 Nxd4 21. Qe1 Bd7 22. gxh6 Bc6 23. hxg7 Rd7 24. h5 Nf3 25. h6 Kh7 26. Nxf3 Qxf3 27.
Rxd7 Nxd7 28. Rg1 1-0

[Event "Early-Titled-Tuesday-Blitz-April-02-2024"]
[Site "Chess.com"]
[Date "2024.04.02"]
[Round "8"]
[White "Massakru"]
[Black "xasid81"]
[Result "0-1"]
[WhiteElo "2381"]
[BlackElo "2623"]
[TimeControl "180+1"]
[EndTime "9:26:14 PDT"]
[Termination "xasid81 won by resignation"]

1. e4 a6 2. d4 h6 3. c4 b6 4. Nf3 g6 5. Nc3 Bg7 6. Bd3 Bb7 7. e5 e6 8. O-O d6 9. Qe2 dxe5 10. dxe5 Nc6 11.
Rd1 Qe7 12. b3 O-O-O 13. Bf4 g5 14. Bg3 h5 15. h4 g4 16. Ng5 Nh6 17. a3 Nd4 18.
Qb2 Nhf5 19. Be4 Nxg3 20. fxg3 Bxe5 21. Bxb7+ Kxb7 22. Qf2 Nxb3 23. Rab1 Rxd1+ 24. Nxd1 Bd4 25. Ne3 Nc5 26. Kh2 f6 0-1

[Event "Early-Titled-Tuesday-Blitz-April-02-2024"]
[Site "Chess.com"]
[Date "2024.04.02"]
[Round "8"]
[White "smotherhubbard"]
[Black "SharapovEvgeny"]
[Result "0-1"]
[WhiteElo "2367"]
[BlackElo "2562"]
[TimeControl "180+1"]
[EndTime "9:26:18 PDT"]
[Termination "SharapovEvgeny won by checkmate"]

1. d4 d5 2. c4 c6 3. Nf3 Nf6 4.
e3 Bg4 5. Qb3 Qb6 6. Ne5 Be6 7.
Qc2 g6 8. b3 Bg7 9. Ba3 Nbd7 10. Nxd7 Nxd7 11. Nd2 Qa5 12. Qb2 O-O 13. Bxe7 Rfe8 14.
Bh4 c5 15. O-O-O cxd4 16. exd4 Rac8 17. Kb1 Nb6 18. c5 Nd7 19. b4 Bf5+ 20. Kc1 Qc7 21. Nb3 b6 22. Ba6 bxc5 23. Bxc8 cxb4+ 24. Nc5 Nxc5 25. Bxf5 Nd3+ 26. Kb1 Nxb2 27. Bc2 Nc4 28. Bb3 Na3+ 29. Ka1 Qc3# 0-1